 Seeded DCSS version 0.29.1-15-g9cfb28693d (webtiles) character file.

Game seed: 10389257799748471964 (custom seed)

3 Psyclone the Chiller (level 1, 10/10 HPs)
             Began as a Deep Elf Ice Elementalist on Sept 27, 2023.
             Quit the game on level 1 of the Dungeon.
             The game lasted 00:00:41 (66 turns).

Psyclone the Chiller (Deep Elf Ice Elementalist)      Turns: 66, Time: 00:00:41

Health: 10/10      AC:  2    Str:  5    XL:     1   Next: 41%
Magic:  5/6        EV: 12    Int: 19    God:
Gold:   10         SH:  0    Dex: 15    Spells: 5/6 levels left

rFire   . . .      SeeInvis .   c - staff of cold
rCold   + . .      Faith    .   (no shield)
rNeg    . . .      Spirit   .   a - +0 robe
rPois   .          Reflect  .   (no helmet)
rElec   .          Harm     .   (no cloak)
rCorr   .          Rampage  .   (no gloves)
Will    .....                   (no boots)
Stlth   ++........              (no amulet)
HPRegen 0.03/turn               (no ring)
MPRegen 0.10/turn               (no ring)

@: no status effects
A: no striking features
a: no special abilities


You were on level 1 of the Dungeon.
You visited 1 branch of the dungeon, and saw 1 of its levels.

You collected 10 gold pieces.

Inventory:

Armour
 a - a +0 robe (worn)
Magical Staves
 c - a staff of cold (weapon)
Scrolls
 d - a scroll of enchant armour {unknown}
 e - a scroll of acquirement
Potions
 b - a potion of magic


   Skills:
 - Level 2.4 Dodging
 - Level 2.4 Stealth
 - Level 3.0 Spellcasting
 + Level 4.6 Ice Magic


You had 5 spell levels left.
You knew the following spells:

 Your Spells              Type           Power      Damage    Failure   Level
a - Freeze                Ice            100%       1d11      2%          1

Your spell library contained the following spells:

 Spells                   Type           Power      Damage    Failure   Level
 Frozen Ramparts          Ice            60%        1d10      7%          3
 Ozocubu's Armour         Ice            30%        N/A       7%          3
 Hailstorm                Conj/Ice       17%        3d6       52%         4


Dungeon Overview and Level Annotations

Branches:
Dungeon (1/15) Zot: 5934

Altars:


Message History

Press: ? - help, Shift-Dir - straight line, f - rat
Aim: a rat You freeze the rat.
The rat is heavily wounded.
The rat bites you.
You take 1 damage, and have 9/10 hp.
Casting: Freeze (safe; 2% risk of failure)
Confirm with . or Enter, or press ? or * to list all spells.
Aiming: Freeze (safe; 2% risk of failure)
Press: ? - help, Shift-Dir - straight line, f/p - rat
Aim: a rat (heavily wounded)
You freeze the rat.
You kill the rat!
You now have 3/6 mp.
You see here a staff of cold.
c - a staff of cold
c - a staff of cold (weapon)
A frilled lizard comes into view.
The frilled lizard hisses angrily.
You see here a scroll labelled VYOSUTARIN.
Health restored: 10 The frilled lizard unfolds its giant frill.
Casting: Freeze (safe; 2% risk of failure)
Confirm with . or Enter, or press ? or * to list all spells.
Aiming: Freeze (safe; 2% risk of failure)
Press: ? - help, Shift-Dir - straight line, f - frilled lizard
Aim: a frilled lizard You feel a surge of power!
You freeze the frilled lizard.
You kill the frilled lizard!
You now have 3/6 mp.
You see here a frilled lizard corpse.
d - a scroll labelled VYOSUTARIN You see here a frilled lizard corpse.
You now have 10 gold pieces.
Found 6 gold pieces.
Found a scroll labelled FIANLO VUESTRUP.
Found 2 scrolls labelled XAOMAUVUXTU.
e - a scroll labelled FIANLO VUESTRUP This is a scroll of acquirement!
Are you sure you want to abandon this character and quit the game? (Confirm with "yes".)

#........ ## .####...###
.####...........
.....#########..
................ ..
##.....##.....###. ...
#......##.#.#...#. ?...
#......##.#.#+#...
....####@.....##.#.......
.........######..#.......
.........#...............
.........#.....).##......
###.....#.......# ......
#$....###.....# ......
#.....##......# ..
#........#....# .
#........###....##


There were no monsters in sight!

Vanquished Creatures
  A hobgoblin (D:1)
  A frilled lizard (D:1)
  A goblin (D:1)
  A rat (D:1)
4 creatures vanquished.

Notes
Turn   | Place    | Note
-------+----------+-------------------------------------------
     0 | D:1      | Psyclone the Deep Elf Ice Elementalist began the quest for
                  | the Orb.
     0 | D:1      | Reached XP level 1. HP: 10/10 MP: 6/6
    66 | D:1      | Identified a scroll of acquirement
    66 | D:1      | Quit the game

Illustrated notes

Levels and vault maps discovered:
D:1:      minmay_arrival_open_corners, layout_basic, serial_glass,
          glass_columns_c, glass_columns_a, minmay_tree_intersection

Action                   || total
-------------------------++-------
 Cast: Freeze            ||     5
Armor: Robe              ||     1
